 Dungeon Crawl Stone Soup version 0.30-a0-210-g01b79a254e (webtiles) character file.

Game seed: 11353418204949425450

361 kae the Firebug (level 6, -8/32 HPs)
             Began as a Deep Elf Fire Elementalist on Oct 4, 2022.
             Engulfed by a cloud of flame (25 damage)
             ... on level 3 of the Dungeon.
             The game lasted 00:01:56 (2921 turns).

kae the Firebug (Deep Elf Fire Elementalist)        Turns: 2921, Time: 00:01:56

Health: -8/32      AC:  2    Str:  5    XL:     6   Next: 38%
Magic:  0/14       EV: 13    Int: 22    God:
Gold:   125        SH:  0    Dex: 21    Spells: 8/14 levels left

rFire   . . .      SeeInvis .    (no weapon)
rCold   . . .      Faith    .    (no shield)
rNeg    . . .      Spirit   +    a - +0 robe
rPois   .          Reflect  .    (no helmet)
rElec   .          Harm     .    (no cloak)
rCorr   .          Rampage  .    (no gloves)
Will    +....                    (no boots)
Stlth   ++........               G - amulet of guardian spirit
HPRegen 0.25/turn                D - +6 ring of dexterity
MPRegen 0.14/turn                l - ring of willpower

@: no status effects
A: no striking features
a: no special abilities


You were on level 3 of the Dungeon.
You visited 1 branch of the dungeon, and saw 3 of its levels.

You collected 125 gold pieces.


   Skills:
 - Level 2.4 Dodging
 - Level 2.4 Stealth
 + Level 4.6 Spellcasting
 * Level 4.3 Conjurations
 + Level 2.7 Hexes
 * Level 5.3 Fire Magic


You had 8 spell levels left.
You knew the following spells:

 Your Spells              Type           Power      Damage    Failure   Level
a - Foxfire               Conj/Fire      100%       2x1d9     1%          1
b - Scorch                Fire           56%        2d7       1%          2
c - Inner Flame           Hex/Fire       22%        N/A       6%          3

Your spell library contained the following spells:

 Spells                   Type           Power      Damage    Failure   Level
 Flame Wave               Conj/Fire      26%        2d8       14%         4
 Kindle Blastsparks       Fire/Tloc/Air  24%        2d12      16%         3

Inventory:

Missiles
 c - 7 boomerangs
 d - 3 poisoned darts
 j - 18 stones
Armour
 a - a +0 robe (worn)
Jewellery
 l - a ring of willpower (right hand)
   (You found it on level 2 of the Dungeon)
 D - a +6 ring of dexterity (left hand)
   (You found it on level 1 of the Dungeon)
 E - a +4 ring of evasion
   (You found it on level 2 of the Dungeon)
 G - an amulet of guardian spirit (around neck)
   (You found it on level 1 of the Dungeon)
Scrolls
 g - a scroll of blinking {!r}
 h - 2 scrolls of teleportation {@r4}
 i - 2 scrolls of identify {@r1}
Potions
 b - 2 potions of magic
 f - 3 potions of heal wounds {@q2}
 k - 2 potions of curing {@q1}
 n - a potion of might {unknown}

Dungeon Overview and Level Annotations

Branches:
Dungeon (3/15) Zot: 15078

Altars:

Shops:
D:3

( #....## #.#......#.#
#....# #.#.###....#
#....# #...# ##...#
#...## #.### #.#.#
##.## #.#### #.#.# #.##
##...###.#.. ##.#
#'...'.#.#.. #v##
##...#.#.#.# ##@#
#.#.#.#.#.# #ยง#
#.#.#.#.#.# .โ—‹ยง
##.#.#.#.#.# #...#
#......#.#.# #..)#
###..###.#.# #####
#.....<..#.#
#.#...####.#
############.###.......
#................####.#


There were no monsters in sight!


Message History

Things that are here:
a +0 dagger; a +0 morningstar Sigmund is nearby!
Sigmund is nearby! ๐Ÿ˜• HP[+7] MP[+4]
You regained 7 hp, and now have 26/28 hp.
Your mp is fully restored (13).
Sigmund is nearby!
Casting: Scorch (safe; 2% risk of failure)
Confirm with . or Enter, or press ? or * to list all spells.
The spell is quite dangerous to miscast (8% risk of failure)!
Continue anyway? [Y]es or [N]o only, please.
The spell is quite dangerous to miscast (8% risk of failure)!
Continue anyway?
Aiming: Inner Flame (quite dangerous; 8% risk of failure)
Press: ? - help, Dir - move target, f - Sigmund
Aim: Sigmund, wielding a +5 vorpal scythe and wearing a +0 robe (moderately wounded, wandering, hasn't noticed you, chance to affect: 81%) Sigmund shouts!
Sigmund barely resists. ๐Ÿ˜• MP[-3]
You lost 3 mp, and now have 10/13 mp.
Casting: Inner Flame (quite dangerous; 8% risk of failure)
Confirm with . or Enter, or press ? or * to list all spells.
You conjure some foxfire!
The foxfire hits Sigmund. x2 ๐Ÿ˜• HP[+1] MP[-1]
You lost 1 mp, and now have 9/13 mp.
Casting: Foxfire (safe; 1% risk of failure)
Confirm with . or Enter, or press ? or * to list all spells.
The spell is quite dangerous to miscast (8% risk of failure)!
Continue anyway? [Y]es or [N]o only, please.
The spell is quite dangerous to miscast (8% risk of failure)!
Continue anyway?
Aiming: Inner Flame (quite dangerous; 8% risk of failure)
Press: ? - help, Dir - move target, f/p - Sigmund
Aim: Sigmund, wielding a +5 vorpal scythe and wearing a +0 robe (heavily wounded, chance to affect: 81%) Sigmund is filled with an inner flame. ๐Ÿ˜• MP[-3]
You lost 3 mp, and now have 6/13 mp.
Casting: Inner Flame (quite dangerous; 8% risk of failure)
Confirm with . or Enter, or press ? or * to list all spells.
Flames lash Sigmund.
Flame seeps out of Sigmund.
Sigmund's fire resistance burns away.
Sigmund is engulfed in blazing flames.
You hear a shout!
Your Conjurations skill increases to level 4!
Your Fire Magic skill increases to level 5!
You have reached level 6! ๐Ÿ˜• HP[+4] MP[-2]
You now have 32 max hp (+4).
You regained 4 hp, and now have 31/32 hp.
You lost 2 mp, and now have 4/14 mp.
A goblin is nearby!
A goblin is nearby! ๐Ÿ˜Ž HP[+1] MP[+2]
Your hp is fully restored (32).
You regained 2 mp, and now have 6/14 mp.
A goblin is nearby!
A goblin is nearby!
Casting: Scorch (safe; 1% risk of failure)
Confirm with . or Enter, or press ? or * to list all spells.
You conjure some foxfire!
The foxfire hits the goblin.
You kill the goblin! ๐Ÿ˜Ž MP[-1]
You lost 1 mp, and now have 5/14 mp.
Casting: Foxfire (safe; 1% risk of failure)
Confirm with . or Enter, or press ? or * to list all spells.
You conjure some foxfire!
Items here: )) [ โ€ .
You see here an orb of energy.
There is an open door here.
There is an open door here.
Key pressed, stopping explore. ๐Ÿ˜Ž MP[+9]
Your mp is fully restored (14).
Could not explore, unopened runed door.
Could not explore, unopened runed door.
You open the door.
Casting: Foxfire (safe; 1% risk of failure)
Confirm with . or Enter, or press ? or * to list all spells.
Aiming: Inner Flame (dangerous; 6% risk of failure)
Press: ? - help, Dir - move target, f - Crazy Yiuf
Aim: Crazy Yiuf, wielding a +3 quarterstaff of chaos and wearing a +2 cloak of poison resistance (asleep, chance to affect: 84%) Crazy Yiuf shouts!
Crazy Yiuf is filled with an inner flame.
Crazy Yiuf laughs, "Candle senile agre!" ๐Ÿ˜Ž MP[-3]
You lost 3 mp, and now have 11/14 mp.
Casting: Inner Flame (dangerous; 6% risk of failure)
Confirm with . or Enter, or press ? or * to list all spells.
You conjure some foxfire!
The foxfire hits Crazy Yiuf.
Flame seeps out of Crazy Yiuf.
Crazy Yiuf is engulfed in blazing flames.
Flame seeps out of Crazy Yiuf. ๐Ÿ˜Ž MP[-1]
You lost 1 mp, and now have 10/14 mp.
Casting: Foxfire (safe; 1% risk of failure)
Confirm with . or Enter, or press ? or * to list all spells.
Flames lash Crazy Yiuf.
The fiery explosion engulfs you!!
You are engulfed in blazing flames.
Ouch! That really hurt!
You die...

Skill      XL: |  1  2  3  4  5 |
---------------+----------------+-----
Conjurations   | 2 3 4 |  4.3
Fire Magic     | 4 5 |  5.3
Hexes          | 1 2 |  2.7
Spellcasting   | 4 |  4.6
Dodging        | |  2.4
Stealth        | |  2.4

Action                   |  1- 3 |  4- 6 || total
-------------------------+-------+-------++-------
Melee: Unarmed           |     1 |       ||     1
 Cast: Foxfire           |    55 |    45 ||   100
       Scorch            |     2 |    13 ||    15
       Inner Flame       |       |     4 ||     4
  Use: Scroll            |     6 |     2 ||     8
Armor: Robe              |     3 |       ||     3
Dodge: Dodged            |    12 |    10 ||    22

Levels and vault maps discovered:
D:1:      zelgadis_glass_arrival_small, layout_basic,
          hellmonk_ecumenical_altar_dog_temple
D:2:      layout_loops_ring
D:3:      layout_basic, serial_shops, shop, minmay_surrounded,
          uniq_crazy_yiuf_cottage, uniq_sigmund, uniq_natasha, uniq_terence

Notes
Turn   | Place    | Note
-------+----------+-------------------------------------------
     0 | D:1      | kae the Deep Elf Fire Elementalist began the quest for the
                  | Orb.
     0 | D:1      | Reached XP level 1. HP: 10/10 MP: 6/6
     0 | D:1      | magus.rc [v1.11.3]
    90 | D:1      | Found a faded altar of an unknown god.
   132 | D:1      | Reached XP level 2. HP: 15/15 MP: 5/8
   649 | D:2      | Learned a level 2 spell: Scorch
   773 | D:2      | Reached skill level 2 in Conjurations
   869 | D:2      | Reached XP level 3. HP: 19/19 MP: 6/9
   873 | D:2      | Learned a level 3 spell: Inner Flame
  1088 | D:2      | Reached skill level 4 in Fire Magic
  1606 | D:3      | Reached XP level 4. HP: 24/24 MP: 7/11
  1667 | D:3      | Reached skill level 1 in Hexes
  1805 | D:3      | Noticed Natasha
  1811 | D:3      | Killed Natasha
  1812 | D:3      | Reached skill level 3 in Conjurations
  1844 | D:2      | Reached skill level 4 in Spellcasting
  1899 | D:3      | Reached XP level 5. HP: 23/28 MP: 4/13
  2194 | D:3      | Found Vunajiticw's Weapon Emporium.
  2406 | D:3      | Noticed Terence
  2414 | D:3      | Killed Terence
  2457 | D:3      | Noticed Natasha
  2466 | D:3      | Killed Natasha
  2467 | D:3      | Reached skill level 2 in Hexes
  2701 | D:3      | Noticed Sigmund
  2805 | D:3      | Killed Sigmund
  2806 | D:3      | Reached skill level 4 in Conjurations
  2806 | D:3      | Reached skill level 5 in Fire Magic
  2806 | D:3      | Reached XP level 6. HP: 31/32 MP: 4/14
  2913 | D:3      | Found a runed translucent door.
  2914 | D:3      | Noticed Crazy Yiuf
  2921 | D:3      | Killed Crazy Yiuf
  2921 | D:3      | Engulfed by a cloud of flame

Vanquished Creatures
  Sigmund (D:3)
  Crazy Yiuf (D:3)
  Natasha (twice) (D:3)
  Terence (D:3)
  An orc wizard (D:2)
  2 adders
  3 gnolls (D:2)
  A worm (D:3)
  A dart slug (D:3)
  4 orcs
  3 bats
  2 endoplasms
  A giant cockroach (D:2)
  4 goblins
  4 hobgoblins
  5 jackals
  5 quokkas
  4 ball pythons
  2 kobolds
  7 rats
54 creatures vanquished.

Vanquished Creatures (others)
  166 foxfires
166 creatures vanquished.

Grand Total: 220 creatures vanquished

Table legend:
 A = Non-vault XP
 B = Vault XP
 C = Vault XP percentage of total XP
 D = Non-vault monster count
 E = Vault monster count
 F = Vault count percentage of total count
                 A         B        C        D         E       F
            +---------+---------+-------+---------+---------+-------
      Total |     210 |     346 |  62.2 |      46 |       8 |  14.8
            +---------+---------+-------+---------+---------+-------
        D:1 |      15 |       6 |  28.6 |       9 |       3 |  25.0
        D:2 |     111 |       0 |   0.0 |      18 |       0 |   0.0
        D:3 |      84 |     340 |  80.2 |      19 |       5 |  20.8
            +---------+---------+-------+---------+---------+-------

Illustrated notes

Table legend:
 A = Kills in this place as a percentage of kills in entire the game.
 B = Kills by you in this place as a percentage of kills by you in the entire game.
 C = Kills by friends in this place as a percentage of kills by friends in the entire game.
 D = Other kills in this place as a percentage of other kills in the entire game.
 E = Experience gained in this place as a percentage of experience gained in the entire game.
 F = Experience gained in this place divided by the number of levels of this place that you have seen.
                   A       B       C       D       E      F
               +-------+-------+-------+-------+-------+----------------------
         Total | 100.0 | 100.0 |   N/A |   N/A | 100.0 | 185.3
       Dungeon | 100.0 | 100.0 |   N/A |   N/A | 100.0 | 185.3
               +-------+-------+-------+-------+-------+----------------------

Table legend: (Time is in decaauts)
 A = Elapsed time spent in this place.
 B = Non-inter-level travel time spent in this place.
 C = Inter-level travel time spent in this place.
 D = Time resting spent in this place.
 E = Time spent auto-exploring this place.
 F = Levels seen in this place.
 G = Mean time per level.
                   A        B        C        D        E       F      G
               +--------+--------+--------+--------+--------+-----+--------+
         Total |   2921 |   2877 |     44 |     86 |   2396 |   3 |  973.7 |
       Dungeon |   2921 |   2877 |     44 |     86 |   2396 |   3 |  973.7 |
               +--------+--------+--------+--------+--------+-----+--------+

Top non-repeatable levels by time:
     D:3: 1224 daAuts
     D:2: 1051 daAuts
     D:1: 645 daAuts
